 Dungeon Crawl Stone Soup version 0.26-a0-36-g11e0b32562 (webtiles) character file.

Game seed: 11574966911326479224, levelgen mode: deterministic

2767 Essalna the Chiller (level 9, -8/55 HPs)
             Began as a Gargoyle Ice Elementalist on May 30, 2020.
             Was a Follower of Vehumet.
             Mangled by a two-headed ogre
             ... wielding a +0 giant spiked club
              (12 damage)
             ... on level 7 of the Dungeon.
             The game lasted 00:16:32 (8172 turns).

Essalna the Chiller (Gargoyle Ice Elementalist)     Turns: 8172, Time: 00:16:33

Health: -8/55      AC: 12    Str: 12    XL:     9   Next: 69%
Magic:  14/17      EV: 14    Int: 19    God:    Vehumet [*.....]
Gold:   313        SH:  0    Dex: 10    Spells: 14/19 levels left

rFire    . . .     SeeInvis .   f - +4 mace (protect)
rCold    . . .     Gourm    .   (no shield)
rNeg     + + .     Faith    .   y - +2 robe {rN+}
rPois    ∞         Spirit   .   (no helmet)
rElec    +         Reflect  .   (no cloak)
rCorr    .         Harm     .   (no gloves)
MR       .....                  g - +0 pair of boots
Stlth    ++........             (no amulet)
HPRegen  0.18/turn              (no ring)
MPRegen  0.15/turn              (no ring)

@: no status effects
A: negative energy resistance 1, electricity resistance, unbreathing,
petrification resistance, rot immunity, AC +6
a: Renounce Religion


You were on level 7 of the Dungeon.
You worshipped Vehumet.
Vehumet was aware of your devotion.
You were not hungry.

You visited 2 branches of the dungeon, and saw 8 of its levels.

You collected 313 gold pieces.

Inventory:

Hand Weapons
 f - a +4 mace of protection (weapon)
Armour
 a - a +0 robe
 g - a +0 pair of boots (worn)
 x - the +1 robe of Disappointment {Str+2 Dex+5}
   (You found it on level 7 of the Dungeon)

   It affects your strength (+2).
   It affects your dexterity (+5).
 y - a +2 robe of positive energy (worn)
Jewellery
 d - an uncursed ring of positive energy
Wands
 j - a wand of acid (4)
 w - a wand of polymorph (10)
 z - a wand of iceblast (8)
Scrolls
 e - a scroll of enchant weapon
 h - a scroll of magic mapping
 i - 4 scrolls of identify
 o - 2 scrolls of remove curse
 q - a scroll of enchant armour {unknown}
 r - a scroll of noise {unknown}
 u - a scroll of teleportation
Potions
 b - a potion of magic
 k - 4 potions of curing
 l - a potion of brilliance {unknown}
 m - 4 potions of lignification {unknown}
 n - a potion of degeneration {unknown}
 p - a potion of stabbing {unknown}
 s - a potion of haste {unknown}
 v - a potion of ambrosia {unknown}
Comestibles
 c - 7 rations
 t - 5 chunks of flesh


   Skills:
 + Level 6.2 Fighting
 + Level 5.8 Armour
 + Level 5.1 Dodging
 - Level 2.2 Stealth
 + Level 5.7 Spellcasting
 + Level 7.1 Ice Magic


You had 14 spell levels left.
You knew the following spells:

 Your Spells              Type           Power        Failure   Level  Hunger
a - Freeze                Ice            ####         1%          1    None
b - Frozen Ramparts       Ice            ####..       1%          3    ##.....
c - Sandblast             Erth           #.....       12%         1    None

Your spell library contained the following spells:

 Spells                   Type           Power        Failure   Level  Hunger
 Ozocubu's Armour         Chrm/Ice       ###.....     9%          3    ##.....
 Magic Dart               Conj           #...         12%         1    None
 Summon Small Mammal      Summ           #...         12%         1    None
 Blink                    Tloc           N/A          17%         2    None
 Call Imp                 Summ           #.......     17%         2    None
 Slow                     Hex            #.......     17%         2    None
 Hailstorm                Conj/Ice       ###.....     26%         4    ####...
 Summon Ice Beast         Ice/Summ       ###.....     26%         4    ####...
 Call Canine Familiar     Summ           #.......     34%         3    ##.....
 Conjure Flame            Conj/Fire      #.......     34%         3    ##.....
 Mephitic Cloud           Conj/Pois/Air  #.......     34%         3    ##.....
 Summon Guardian Golem    Hex/Summ       #.......     34%         3    ##.....
 Summon Lightning Spire   Summ/Air       #.......     75%         4    ####...


Dungeon Overview and Level Annotations

Branches:
Dungeon (7/15)             Temple (1/1) D:6

Altars:
Ashenzari
Cheibriados
Dithmenos
Elyvilon
Gozag
Hepliaklqana
Kikubaaqudgha
Makhleb
Nemelex Xobeh
Okawaru
Qazlal
Sif Muna
Trog
Uskayaw
Vehumet
Xom
Yredelemnul
Zin
The Shining One


Innate Abilities, Weirdness & Mutations

You are resistant to torment.
Your stone body is resilient. (AC +6)
You are immune to poison.
You resist negative energy. (rN+)
You are resistant to electric shocks. (rElec)
You can survive without breathing.
You are immune to petrification.
You are immune to rotting.


Message History

The wall freezes the two-headed ogre.
The two-headed ogre hits you with a +0 giant spiked club!
The two-headed ogre hits you with a +0 giant spiked club.
The wall freezes the two-headed ogre.
The frozen ramparts melt away.
The two-headed ogre hits you but does no damage.
The two-headed ogre hits you with a +0 giant spiked club.
Casting: Frozen Ramparts (safe; 1% risk of failure)
Confirm with . or Enter, or press ? or * to list all spells.
The walls around you are covered in ice.
The two-headed ogre hits you with a +0 giant spiked club!!
* * * LOW HITPOINT WARNING * * *
The two-headed ogre hits you with a +0 giant spiked club!
* * * LOW HITPOINT WARNING * * *
The wall freezes the two-headed ogre!
The wall freezes the two-headed ogre.
There is a stone staircase leading up here.
The frozen ramparts melt away.
The two-headed ogre barely misses you.
The two-headed ogre hits you with a +0 giant spiked club!
You die...

.........##...# #.
............... ###.
..........#...# #...
............... #>..
#####.....####################.#.
#..............(...##...#..##
#............................
###.....................##.....
#.............@(..#(...........
#.............O...))####.###...
#..................## #.# #.##
#.................).####.# #.##
#................[#.##...# ..#.
#.......p..............###..##.
#..........#...........###.#...
#.÷........#.............#.#.##
#....<.......................#


You could see a two-headed ogre and a neutral freed slave (wandering).

Vanquished Creatures
  Pikel (D:7)
  Menkaure (D:4)
  Duvessa (D:4)
  A black bear (D:6)
  2 slaves (D:7)
  A sky beast (D:6)
  An ice beast (D:5)
  3 ogres (D:4)
  2 centaurs (D:6)
  A big kobold (D:7)
  2 bullfrogs (D:6)
  2 scorpions
  Dowan (D:4)
  3 howler monkeys
  2 crimson imps
  A bullfrog zombie (D:6)
  3 bullfrog skeletons
  A centaur zombie (D:5)
  A hound (D:7)
  A jelly (D:7)
  A gnoll shaman (D:7)
  2 orc priests
  3 iguanas
  Natasha (thrice) (D:4)
  An orc wizard (D:5)
  5 worker ants
  2 hound skeletons
  8 gnolls
  2 howler monkey skeletons
  6 adders
  3 shadow imps
  4 oozes
  An adder zombie (D:6)
  2 worms
  5 dart slugs
  3 leopard geckos
  8 orcs
  2 ball pythons
  6 giant cockroaches
  6 goblins
  6 hobgoblins
  12 jackals
  3 quokkas
  4 bats
  3 frilled lizards (D:3)
  9 kobolds
  A leopard gecko skeleton (D:4)
  9 rats
151 creatures vanquished.

Notes
Turn   | Place    | Note
-------+----------+-------------------------------------------
     0 | D:1      | Essalna the Gargoyle Ice Elementalist began the quest for
                  | the Orb.
     0 | D:1      | Reached XP level 1. HP: 10/10 MP: 3/3
   636 | D:1      | Reached XP level 2. HP: 16/16 MP: 5/5
   798 | D:1      | Reached skill level 1 in Fighting
   904 | D:1      | Reached XP level 3. HP: 20/20 MP: 6/6
  1425 | D:2      | Found a faded altar of an unknown god.
  1694 | D:2      | Reached XP level 4. HP: 23/25 MP: 7/7
  2523 | D:2      | Learned a level 3 spell: Frozen Ramparts
  2600 | D:3      | Found a shattered altar of Ashenzari.
  2645 | D:3      | Reached XP level 5. HP: 20/30 MP: 5/9
  2961 | D:4      | Reached skill level 1 in Armour
  3024 | D:4      | Noticed an ogre
  3031 | D:4      | Killed an ogre
  3031 | D:4      | Reached XP level 6. HP: 36/36 MP: 5/10
  3085 | D:4      | Reached skill level 5 in Ice Magic
  3333 | D:4      | Noticed Natasha
  3336 | D:4      | Killed Natasha
  3374 | D:4      | Noticed Menkaure
  3392 | D:4      | Killed Menkaure
  3392 | D:4      | Reached XP level 7. HP: 9/41 MP: 4/12
  3655 | D:4      | Noticed Dowan
  3656 | D:4      | Noticed Duvessa
  3673 | D:4      | Killed Dowan
  3674 | D:4      | Killed Duvessa
  4346 | D:3      | Reached XP level 8. HP: 48/48 MP: 11/14
  4906 | D:4      | Noticed Natasha
  4911 | D:4      | Killed Natasha
  5144 | D:4      | Noticed Natasha
  5150 | D:4      | Killed Natasha
  5193 | D:5      | Entered Level 5 of the Dungeon
  5541 | D:5      | Reached skill level 6 in Ice Magic
  5930 | D:5      | Found a basalt altar of Yredelemnul.
  6498 | D:6      | Reached skill level 5 in Fighting
  6640 | D:6      | Reached skill level 5 in Spellcasting
  6640 | D:6      | Reached XP level 9. HP: 30/54 MP: 16/16
  6788 | D:6      | Found a staircase to the Ecumenical Temple.
  6804 | Temple   | Entered the Ecumenical Temple
  6920 | Temple   | Became a worshipper of Vehumet
  7102 | D:6      | Reached skill level 5 in Armour
  7902 | D:7      | Found a shadowy altar of Dithmenos.
  7912 | D:7      | Reached * piety under Vehumet
  7912 | D:7      | Offered knowledge of Sandblast by Vehumet.
  7921 | D:7      | Learned a level 1 spell: Sandblast
  7925 | D:7      | Got a steaming robe
  7936 | D:7      | Identified the +1 robe of Disappointment {Str+2 Dex+5} (You
                  | found it on level 7 of the Dungeon)
  7958 | D:7      | Noticed Pikel
  7959 | D:7      | Found a sparkling altar of Nemelex Xobeh.
  7967 | D:7      | Killed Pikel
  7967 | D:7      | Reached skill level 5 in Dodging
  7967 | D:7      | Reached skill level 7 in Ice Magic
  8140 | D:7      | Noticed a two-headed ogre
  8162 | D:7      | HP: 2/55 [two-headed ogre/+0 giant spiked club (11)]
  8172 | D:7      | Mangled by a two-headed ogre

Illustrated notes

Levels and vault maps discovered:
D:1:      dpeg_arrival_rhombi, layout_basic
D:2:      layout_basic, first_ration, chequers_ecumenical_altar_simple_redux,
          minmay_misc_feat_tower
D:3:      layout_basic, ashenzari_altar_1
D:4:      layout_basic, uniq_natasha, uniq_duvessa, uniq_menkaure
D:5:      layout_layer_cave, basic_altar, palyth_stone_intersect
D:6:      layout_basic, minmay_temple_entry_large_hall
D:7:      layout_rooms, grunt_dithmenos_shadows,
          nemelex_xobeh_ov_fountains_minmay, lemuel_coloured_pillars_altar,
          uniq_pikel
Temple:   nicolae_temple_elliptical

Skill      XL: |  1  2  3  4  5  6  7  8  9 |
---------------+----------------------------+-----
Fighting       | 1 2 3 4 5 6 |  6.2
Dodging        | 2 3 4 5 |  5.1
Armour         | 1 2 3 4 5 |  5.8
Spellcasting   | 3 4 5 |  5.7
Ice Magic      | 5 6 7 |  7.1
Stealth        | |  2.2

Action                   |  1- 3 |  4- 6 |  7- 9 || total
-------------------------+-------+-------+-------++-------
Melee: Unarmed           |     6 |       |       ||     6
       Mace              |    46 |    60 |   223 ||   329
 Cast: Freeze            |    20 |     8 |    18 ||    46
       Frozen Ramparts   |       |     7 |    44 ||    51
  Use: Scroll            |       |       |     8 ||     8
 Stab: Distracted        |     1 |       |       ||     1
       Sleeping          |     1 |     1 |     3 ||     5
  Eat: Chunk             |     3 |     6 |    18 ||    27
Armor: Robe              |    26 |    26 |   133 ||   185
Dodge: Dodged            |    48 |    51 |   232 ||   331

Table legend:
 A = Non-vault XP
 B = Vault XP
 C = Vault XP percentage of total XP
 D = Non-vault monster count
 E = Vault monster count
 F = Vault count percentage of total count
                 A         B        C        D         E       F
            +---------+---------+-------+---------+---------+-------
      Total |    2909 |    1044 |  26.4 |     143 |       6 |   4.0
            +---------+---------+-------+---------+---------+-------
        D:1 |      35 |       0 |   0.0 |      10 |       0 |   0.0
        D:2 |      78 |       0 |   0.0 |      27 |       0 |   0.0
        D:3 |     170 |       0 |   0.0 |      28 |       0 |   0.0
        D:4 |     792 |     415 |  34.4 |      21 |       4 |  16.0
        D:5 |     458 |       0 |   0.0 |      17 |       0 |   0.0
        D:6 |     864 |       0 |   0.0 |      16 |       0 |   0.0
        D:7 |     512 |     629 |  55.1 |      24 |       2 |   7.7
            +---------+---------+-------+---------+---------+-------
